 Dungeon Crawl Stone Soup version 0.29-a0-416-g83a48905f1 (webtiles) character file.

Game seed: 3815798668646451829

5133 dracfodder the Geomancer (level 10, -4/55 HPs)
             Began as a Gargoyle Earth Elementalist on May 15, 2022.
             Slain by a two-headed ogre
             ... wielding a +0 giant club
              (25 damage)
             ... on level 8 of the Dungeon on May 16, 2022.
             The game lasted 00:52:24 (10891 turns).

dracfodder the Geomancer (GrEE)                    Turns: 10891, Time: 00:52:25

Health: -4/55      AC: 22    Str: 11    XL:     10   Next: 58%
Magic:  17/22      EV: 12    Int: 26    God:
Gold:   1225       SH:  0    Dex: 10    Spells: 16/26 levels left

rFire   + . .      SeeInvis +   u - +4 scythe (protect)
rCold   + . .      Faith    .   (shield currently unavailable)
rNeg    + + .      Spirit   .   b - +2 robe {rC+ rF+}
rPois   ∞          Reflect  .   i - +2 helmet
rElec   +          Harm     .   (no cloak)
rCorr   +          Rampage  .   k - +0 pair of gloves
Will    .....                   (no boots)
Stlth   +++.......              (no amulet)
HPRegen 0.18/turn               C - ring of Yvudio {Drain rN+ rCorr Int+5 SInv}
MPRegen 0.18/turn               x - ring of wizardry

@: under a protective aura
A: sickness immunity, AC +7, negative energy resistance 1, electricity
resistance, torment resistance 1, petrification resistance, clever 1, weak 1
a: no special abilities


You were on level 8 of the Dungeon.
You visited 1 branch of the dungeon, and saw 8 of its levels.
You also visited: Sewer.

You collected 1225 gold pieces.

Inventory:

Hand Weapons
 h - a +0 mace of flaming
 u - a +4 scythe of protection (weapon)
Missiles
 a - 102 stones
 w - 2 throwing nets
Armour
 b - a +2 robe of resistance (worn)
 i - a +2 helmet (worn)
 k - a +0 pair of gloves (worn)
Magical Staves
 t - a staff of fire
Jewellery
 f - a ring of protection from cold
 x - a ring of wizardry (right hand)
 z - a ring of positive energy
 C - the ring of Yvudio (left hand) {Drain rN+ rCorr Int+5 SInv}
   (You found it on level 7 of the Dungeon)

   [ring of see invisible]

   Int:       It affects your intelligence (+5).
   rN:        It protects you from negative energy.
   SInv:      It lets you see invisible.
   rCorr:     It protects you from acid and corrosion.
   Drain:     It drains your maximum health when unequipped.
Wands
 q - a wand of charming (3)
 v - a wand of digging (8)
 A - a wand of paralysis (4)
Scrolls
 c - 5 scrolls of identify
 g - 8 scrolls of teleportation
 l - a scroll of summoning
 p - 3 scrolls of fog
 y - 3 scrolls of poison
 D - a scroll of brand weapon
 E - a scroll of amnesia
Potions
 d - a potion of might
 e - a potion of cancellation
 j - 5 potions of curing
 m - 2 potions of mutation
 n - a potion of brilliance
 o - 2 potions of berserk rage
 r - a potion of flight
 s - 2 potions of heal wounds
 B - a potion of magic


   Skills:
 + Level 2.8 Fighting
 + Level 1.5 Maces & Flails
 + Level 3.9 Polearms
 + Level 3.4 Dodging
 + Level 5.0 Stealth
 + Level 0.2 Unarmed Combat
 * Level 8.7 Spellcasting
 * Level 6.4 Conjurations
 + Level 1.3 Transmutations
 + Level 9.3 Earth Magic


You had 16 spell levels left.
You knew the following spells:

 Your Spells              Type           Power      Damage    Failure   Level
a - Sandblast             Erth           100%       2d20      1%          1
b - Passwall              Tmut/Erth      32%        N/A       1%          2
c - Stone Arrow           Conj/Erth      100%       3d13      1%          3
d - Petrify               Tmut/Erth      39%        N/A       2%          4

Your spell library contained the following spells:

 Spells                   Type           Power      Damage    Failure   Level
 Corpse Rot               Necr/Air       22%        N/A       3%          2
 Poisonous Vapours        Pois/Air       22%        N/A       3%          2
 Portal Projectile        Hex/Tloc       22%        N/A       6%          3
 Summon Ice Beast         Ice/Summ       11%        N/A       21%         4
 Blade Hands              Tmut           9%         N/A       32%         5
 Excruciating Wounds      Necr           5%         N/A       47%         5
 Summon Mana Viper        Hex/Summ       11%        N/A       47%         5
 Monstrous Menagerie      Summ           5%         N/A       100%        7


Dungeon Overview and Level Annotations

Branches:
Dungeon (8/15)             Temple (0/1) D:7           Sewer (visited)
   Lair: D:8-11

Altars:
Ashenzari
Fedhas
Okawaru
Vehumet
Zin
The Shining One

Annotations:
D:3 1 runed translucent door, Crazy Yiuf


Innate Abilities, Weirdness & Mutations

You are immune to sickness and miasma.
Your stone body is resilient. (AC +7)
You are immune to poison.
You resist negative energy. (rN+)
You are resistant to electric shocks. (rElec)
You are resistant to unholy torment.
You are immune to petrification.
Your mind is acute. (Int +2)
You are weak. (Str -2)


Message History

You kill the ice beast!
Aiming: Stone Arrow (safe; 1% risk of failure)
Press: ? - help, Q - select action, (/) - cycle Shift-Dir - straight line, f - steam dragon
Aim: a steam dragon (78% to hit)
The stone arrow hits the steam dragon!
The steam dragon is heavily wounded.
Aiming: Stone Arrow (safe; 1% risk of failure)
Press: ? - help, Q - select action, (/) - cycle Shift-Dir - straight line, f/p - steam dragon
Aim: a steam dragon (heavily wounded, 78% to hit)
The stone arrow hits the steam dragon!!
You kill the steam dragon!
The steam dragon scales are intact enough to wear.
Your Stealth skill increases to level 5!
You start resting.
Magic restored.
Things that are here:
+0 steam dragon scales; a steam dragon corpse A two-headed ogre comes into view.
It is wielding two +0 giant clubs.
Things that are here:
+0 steam dragon scales; a steam dragon corpse
Aiming: Stone Arrow (safe; 1% risk of failure)
Press: ? - help, Q - select action, (/) - cycle Shift-Dir - straight line, f - two-headed ogre
Aim: a two-headed ogre, wielding two +0 giant clubs (89% to hit)
The stone arrow hits the two-headed ogre!
The two-headed ogre is moderately wounded.
Aiming: Stone Arrow (safe; 1% risk of failure)
Press: ? - help, Q - select action, (/) - cycle Shift-Dir - straight line, f/p - two-headed ogre
Aim: a two-headed ogre, wielding two +0 giant clubs (moderately wounded, 89% to hit)
The stone arrow hits the two-headed ogre!!
The two-headed ogre is almost dead.
You hit the two-headed ogre.
Your weapon exudes an aura of protection.
The two-headed ogre is almost dead.
The two-headed ogre hits you with a +0 giant club! x2
You closely miss the two-headed ogre.
The two-headed ogre is almost dead.
The two-headed ogre hits you with a +0 giant club!
The two-headed ogre barely misses you.
The two-headed ogre hits you with a +0 giant club!!
You die...

....#...###.##...###....#####....
....#...##..##...###....#####.##.
..............................##.
....#....#..##...###.............
..#......#..##...####...###.#....
.##......#..##...................
.##......#..##...##..............
.##......#..#######.#...###.#....
............[..O@................
.##.####.#..######...............
............######...#......#.#..
.#.....#....##...........##.#.#.#
.......#.............<...........
####........##.###.#.#..##.......
#....##...##.###.#.#.....##.##.
#.....##...##......[#...#.##.##.
#......###..............?.....†..


You could see a two-headed ogre.

Vanquished Creatures
  Pikel (D:4)
  An ugly thing (D:8)
  Sigmund (D:4)
  3 yaks (D:8)
  4 steam dragons
  Duvessa (D:6)
  2 orc warriors
  2 ice beasts
  3 black bears
  2 sky beasts (D:7)
  3 ogres
  A centaur (D:7)
  2 phantoms (D:5)
  A kobold brigand (Sewer)
  4 bullfrogs
  A gnoll sergeant (D:7)
  3 necrophages (D:6)
  4 scorpions
  Dowan (D:6)
  4 killer bees (D:8)
  2 howler monkeys
  2 hounds (D:6)
  A jelly (D:8)
  6 orc priests
  6 orc wizards
  12 gnolls
  5 adders
  A river rat (Sewer)
  A shadow imp (D:5)
  2 white imps
  2 ufetubi
  A worm (D:2)
  3 dart slugs
  33 orcs
  15 bats
  3 endoplasms
  2 giant cockroaches (D:2)
  6 goblins
  6 hobgoblins
  A jackal (D:4)
  11 kobolds
  8 quokkas
  3 ball pythons
  8 frilled lizards
  12 rats
196 creatures vanquished.

Vanquished Creatures (collateral kills)
  A gnoll shaman (D:6)
  2 gnolls (D:6)
3 creatures vanquished.

Vanquished Creatures (others)
  An orc priest (D:8)
  An endoplasm (D:1)
  3 jackals (D:4)
5 creatures vanquished.

Grand Total: 204 creatures vanquished

Notes
Turn   | Place    | Note
-------+----------+-------------------------------------------
     0 | D:1      | dracfodder the Gargoyle Earth Elementalist began the quest
                  | for the Orb.
     0 | D:1      | Reached XP level 1. HP: 10/10 MP: 3/3
    18 | D:1      | Reached skill level 1 in Transmutations
   463 | D:1      | Reached XP level 2. HP: 15/15 MP: 0/5
   519 | D:1      | Learned a level 2 spell: Passwall
   529 | D:1      | Reached skill level 4 in Earth Magic
   648 | D:1      | Found a faded altar of an unknown god.
  1008 | D:1      | Reached XP level 3. HP: 19/19 MP: 4/6
  1015 | D:1      | Learned a level 3 spell: Stone Arrow
  2082 | D:2      | Reached XP level 4. HP: 18/24 MP: 3/8
  2537 | D:2      | Reached skill level 5 in Earth Magic
  2537 | D:2      | Reached XP level 5. HP: 28/28 MP: 8/10
  2664 | D:2      | Reached skill level 1 in Maces & Flails
  3258 | D:3      | Reached skill level 1 in Conjurations
  3736 | D:3      | Reached XP level 6. HP: 33/33 MP: 5/12
  3741 | D:3      | Learned a level 4 spell: Petrify
  4261 | D:3      | Found a runed translucent door.
  4262 | D:3      | Noticed Crazy Yiuf
  4382 | D:4      | Found a glowing drain.
  4397 | Sewer    | Entered a sewer
  4602 | Sewer    | Found a white marble altar of Elyvilon.
  5029 | D:4      | Reached XP level 7. HP: 37/37 MP: 5/14
  5107 | D:4      | Reached skill level 6 in Earth Magic
  5358 | D:4      | Found a glowing silver altar of Zin.
  5372 | D:4      | Noticed Sigmund
  5385 | D:4      | Killed Sigmund
  5386 | D:4      | Reached skill level 5 in Spellcasting
  5719 | D:4      | Noticed Pikel
  5738 | D:4      | Killed Pikel
  5739 | D:4      | Reached skill level 1 in Fighting
  5739 | D:4      | Reached XP level 8. HP: 22/43 MP: 11/17
  6053 | D:2      | Reached skill level 7 in Earth Magic
  6201 | D:5      | Entered Level 5 of the Dungeon
  6293 | D:5      | Gained mutation: You are weak. (Str -2) [potion of
                  | mutation]
  6293 | D:5      | Gained mutation: Your mind is acute. (Int +2) [potion of
                  | mutation]
  6471 | D:5      | Reached skill level 1 in Polearms
  7023 | D:5      | Found an iron altar of Okawaru.
  7050 | D:5      | Found a glowing golden altar of the Shining One.
  7164 | D:5      | Reached XP level 9. HP: 47/47 MP: 12/19
  7909 | D:6      | Reached skill level 8 in Earth Magic
  7922 | D:6      | Identified a scroll of acquirement
  7922 | D:6      | Acquired 781 gold pieces
  8008 | D:6      | Noticed Duvessa
  8012 | D:6      | Noticed Dowan
  8020 | D:6      | Killed Duvessa
  8030 | D:6      | Killed Dowan
  8307 | D:6      | Upgraded the game from 0.29-a0-414-g5075937ec3 to
                  | 0.29-a0-416-g83a48905f1
  8328 | D:6      | Reached skill level 5 in Conjurations
  8773 | D:6      | Found a blossoming altar of Fedhas.
  8950 | D:7      | Identified the ring of Yvudio {Drain rN+ rCorr Int+5 SInv}
  9040 | D:7      | Found a broken altar of Ashenzari.
  9106 | D:7      | Found a radiant altar of Vehumet.
  9477 | D:7      | Reached XP level 10. HP: 52/54 MP: 22/22
  9497 | D:7      | Found a staircase to the Ecumenical Temple.
 10082 | D:8      | Reached skill level 9 in Earth Magic
 10740 | D:8      | Noticed a purple ugly thing
 10740 | D:8      | Noticed a centaur warrior
 10762 | D:8      | Killed a purple ugly thing
 10799 | D:8      | Reached skill level 5 in Stealth
 10879 | D:8      | Noticed a two-headed ogre
 10891 | D:8      | Slain by a two-headed ogre

Illustrated notes

Levels and vault maps discovered:
D:1:      minmay_arrival_open_corners, layout_rooms,
          chequers_ecumenical_altar_lobes, serial_bayou_pond_c,
          lemuel_flame_loot_1
D:2:      cheibrodos_pilgrimage, layout_basic
D:3:      layout_basic, uniq_crazy_yiuf_cottage
D:4:      layout_loops_ring, mainiacjoe_overflow_cross_hatched,
          cheibrodos_sewer_entry_sluice, minmay_misc_feat_columns,
          dreamdust_princess_bridge, lemuel_old_faithful, uniq_sigmund,
          uniq_pikel
D:5:      layout_basic, mainiacjoe_overflow_two_lobes, grunt_ministairs_6
D:6:      layout_basic, mainiacjoe_overflow_tiny_flanked, uniq_duvessa
D:7:      layout_loops_corners, ashenzari_conservatory_becter, vehumet_crystals,
          minmay_temple_entry_from_below_a
D:8:      layout_basic, kennysheep_little_box, st_stairs_3,
          minmay_manual_mandibuliform

Skill      XL: |  1  2  3  4  5  6  7  8  9 10 |
---------------+-------------------------------+-----
Transmutations | 1 |  1.3
Earth Magic    | 4 5 6 7 8 9 |  9.3
Spellcasting   | 3 4 6 8 |  8.7
Maces & Flails | 1 |  1.5
Conjurations   | 1 3 4 5 6 |  6.4
Dodging        | 2 3 |  3.4
Fighting       | 1 2 |  2.8
Stealth        | 3 4 5 |  5.0
Polearms       | 1 2 3 |  3.9
Unarmed Combat | |  0.2

Action                   |  1- 3 |  4- 6 |  7- 9 | 10-12 || total
-------------------------+-------+-------+-------+-------++-------
Melee: Unarmed           |    12 |       |       |       ||    12
       Mace              |    18 |    47 |    15 |       ||    80
       Scythe            |       |       |    70 |    34 ||   104
       Punch             |       |       |     1 |       ||     1
 Cast: Sandblast         |    49 |    80 |    84 |     8 ||   221
       Stone Arrow       |     2 |    12 |    37 |    27 ||    78
       Passwall          |       |     1 |       |       ||     1
       Petrify           |       |       |     6 |     7 ||    13
Evoke: Wand              |       |       |     2 |       ||     2
  Use: Scroll            |     3 |     2 |     8 |     2 ||    15
       Potion            |       |     1 |     2 |       ||     3
 Stab: Sleeping          |     1 |       |     2 |       ||     3
       Petrified         |       |       |     5 |    13 ||    18
       Petrifying        |       |       |       |     2 ||     2
Armor: Robe              |    28 |    44 |    92 |    28 ||   192
Dodge: Dodged            |    40 |    29 |    95 |    36 ||   200

Table legend: (Time is in decaauts)
 A = Elapsed time spent in this place.
 B = Non-inter-level travel time spent in this place.
 C = Inter-level travel time spent in this place.
 D = Time resting spent in this place.
 E = Time spent auto-exploring this place.
 F = Levels seen in this place.
 G = Mean time per level.
                   A        B        C        D        E       F      G
               +--------+--------+--------+--------+--------+-----+--------+
         Total |  11037 |  10701 |    336 |   2822 |   5837 |   9 | 1226.3 |
       Dungeon |  10741 |  10405 |    336 |   2703 |   5826 |   8 | 1342.6 |
         Sewer |    295 |    295 |      0 |    119 |     11 |   1 |  295.0 |
               +--------+--------+--------+--------+--------+-----+--------+

Top non-repeatable levels by time:
     D:2: 1765 daAuts
     D:5: 1599 daAuts
     D:3: 1557 daAuts
     D:4: 1382 daAuts
     D:1: 1268 daAuts
     D:7: 1201 daAuts
     D:6: 1109 daAuts
     D:8: 858 daAuts
   Sewer: 295 daAuts
